AoeStats
← Heredero

Golden Pit

507884869Analyzed
1v1 RM · 11d ago on Sep 20, 2026· 29m 9s· 2 players
Game mode
Random Map
Map size
Tiny (2 player)
Population
200
Speed
Normal
Resources
Standard
Victory
Conquest
Starting age
Dark Age
Ending age
Imperial Age
RankedLock teamsTeams togetherTeam positionsShared explorationLock speedFull tech treeHidden civsTurbo modeCheats
Victory
Defeat
🇦🇷 Berbers · Argentina
1356
+14
🇲🇽 Mapuche · Mexico
1312
-14
Heredero
9:25 Feudal Age
8:58 Loom
10:01 Double-Bit Axe
12:37 Horse Collar
18:59 Castle Age
18:38 Fletching
19:38 Bodkin Arrow
20:16 Bow Saw
21:04 Padded Archer Armor
22:59 Leather Archer Armor
23:47 Ballistics
24:19 Bloodlines
26:43 Thumb Ring
27:33 Husbandry
29:20 Wheelbarrow
[DH]ElReyDavid
7:40 Loom
9:55 Feudal Age
10:26 Double-Bit Axe
13:19 Town Watch
13:30 Fletching
16:39 Wheelbarrow
19:30 Castle Age
17:53 Gold Mining
17:53 Horse Collar
19:31 Crossbowman
20:09 Bodkin Arrow
21:18 Padded Archer Armor
21:46 Champi Runner
22:09 Elite Skirmisher
26:00 Ballistics
28:10 Leather Archer Armor
Connection lost

Rejoining the realm…

Still unreachable

The connection could not be restored.

Session expired

The server has moved on; the page needs a fresh start.